 Dungeon Crawl Stone Soup version 0.29.1-1-gd02db6906a (webtiles) character file.

Game seed: 14329971597469213807

20371 plokij the Cleaver (level 12, -22/110 HPs)
             Began as a Minotaur Fighter on Oct 21, 2022.
             Was a High Priest of Okawaru.
             Annihilated by a large slime creature (25 damage)
             ... on level 11 of the Dungeon.
             The game lasted 00:50:43 (18846 turns).

plokij the Cleaver (Minotaur Fighter)              Turns: 18846, Time: 00:50:44

Health: -22/110    AC: 15    Str: 25    XL:     12   Next: 44%
Magic:  11/11      EV: 30    Int:  5    God:    Okawaru [*****.]
Gold:   772        SH:  6    Dex: 11    Spells: 11/11 levels left

rFire   . . .      SeeInvis +   Q - +0 broad axe (flame)
rCold   . . .      Faith    .   c - +0 buckler
rNeg    . . .      Spirit   .   P - +0 swamp dragon scales
rPois   +          Reflect  .   (helmet restricted)
rElec   .          Harm     .   N - +0 cloak
rCorr   .          Rampage  .   r - +0 pair of gloves
Will    +....                   q - +0 pair of boots
Stlth   +.........              H - amulet of the acrobat
HPRegen 0.28/turn               J - ring of see invisible
MPRegen 0.12/turn               O - ring of willpower

@: acrobatic
A: horns 2, retaliatory headbutt
a: Renounce Religion, Heroism, Finesse, Duel


You were on level 11 of the Dungeon.
You worshipped Okawaru.
Okawaru was extremely pleased with you.
You visited 2 branches of the dungeon, and saw 13 of its levels.

You collected 772 gold pieces.

Inventory:

Hand Weapons
 a - a +0 war axe
 i - a +3 vorpal shortbow
 z - a +1 longbow of flaming
 A - the +8 spear of Sunlight {pain, rF+ rCorr}
   (You found it on level 5 of the Dungeon)

   In the hands of one skilled in necromantic magic, it inflicts extra damage on
   living creatures.
   rF:        It protects you from fire.
   rCorr:     It protects you from acid and corrosion.
 D - a +0 demon blade
 Q - a +0 broad axe of flaming (weapon)
Armour
 c - a +0 buckler (worn)
 q - a +0 pair of boots (worn)
 r - a +0 pair of gloves (worn)
 K - +0 steam dragon scales
 N - a +0 cloak (worn)
 P - +0 swamp dragon scales (worn)
 U - a +0 plate armour
Magical Staves
 k - a staff of death
Jewellery
 l - an amulet of regeneration
 p - a ring of flight
 u - a ring of protection from fire
 w - a +6 ring of dexterity
 E - a ring of fire
 H - an amulet of the acrobat (around neck)
 J - a ring of see invisible (left hand)
 O - a ring of willpower (right hand)
 R - a +6 ring of intelligence
 T - an amulet of magic regeneration
 W - a ring of ice
Wands
 n - a wand of flame (5)
 x - a wand of roots (15)
 M - a wand of mindburst (27)
 V - a wand of digging (9)
Scrolls
 b - 2 scrolls of magic mapping
 e - 7 scrolls of teleportation
 f - 3 scrolls of immolation
 g - 3 scrolls of fear {unknown}
 m - 3 scrolls of enchant weapon {unknown}
 s - 5 scrolls of amnesia
 t - 5 scrolls of blinking
 y - a scroll of summoning {unknown}
 B - 2 scrolls of vulnerability {unknown}
 C - 2 scrolls of fog
 F - 3 scrolls of enchant armour {unknown}
 G - a scroll of torment {unknown}
 I - 2 scrolls of acquirement {unknown}
 L - 3 scrolls of poison {unknown}
Potions
 d - 2 potions of might
 h - 5 potions of lignification
 j - a potion of invisibility
 o - 3 potions of cancellation
 v - a potion of haste
 S - 2 potions of brilliance


   Skills:
 + Level 11.4 Fighting
 + Level 11.7 Axes
 + Level 11.5 Armour
 + Level 11.0 Dodging
 + Level 11.4 Shields


You had 11 spell levels left.
You didn't know any spells.
Your spell library contained the following spells:

 Spells                   Type           Power      Damage    Failure   Level
 Olgreb's Toxic Radiance  Pois           0%         N/A       100%        4
 Blade Hands              Tmut           0%         N/A       100%        5
 Fireball                 Conj/Fire      0%         3d3       100%        5
 Irradiate                Conj/Tmut      0%         3d11      100%        5
 Iskenderun's Battlesphe  Conj           0%         2d6       100%        5
 Conjure Ball Lightning   Conj/Air       0%         3x3d6     100%        6
 Dragon Form              Tmut           0%         N/A       100%        7
 Orb of Destruction       Conj           0%         9d5       100%        7
 Ozocubu's Refrigeration  Ice            0%         4d7       100%        7
 Ignition                 Fire           0%         3d3       100%        8


Dungeon Overview and Level Annotations

Branches:
Dungeon (12/15)            Temple (1/1) D:6            Lair (0/5) D:11
    Orc (0/2) D:12

Altars:
Ashenzari
Cheibriados
Dithmenos
Elyvilon
Fedhas
Gozag
Hepliaklqana
Kikubaaqudgha
Makhleb
Nemelex Xobeh
Okawaru
Qazlal
Ru
Sif Muna
Trog
Uskayaw
Vehumet
Wu Jian
Xom
Yredelemnul
Zin
The Shining One

Shops:
D:3 ?   D:4 (

Annotations:
D:9 Gastronok


Innate Abilities, Weirdness & Mutations

You have a pair of horns on your head.
You reflexively headbutt those who attack you in melee.


Message History

The very large slime creature attacks as you move away!
The very large slime creature misses you.
The very large slime creature attacks as you move away!
The very large slime creature misses you.
The very large slime creature attacks as you move away!
The very large slime creature closely misses you.
You furiously retaliate!
You headbutt the very large slime creature.
There is a stone staircase leading up here.
The very large slime creature barely misses you.
You furiously retaliate!
You headbutt the very large slime creature.
You climb upwards.
There is a stone staircase leading down here.
Blink to where?
Press: ? - help, Dir - move target
Okay, then.
A very large slime creature splits.
The large slime creature completely misses you.
You furiously retaliate!
You headbutt the large slime creature! The slime creature barely misses you.
The large slime creature completely misses you.
You block the slime creature's attack.
The large slime creature closely misses you.
You furiously retaliate!
You headbutt the large slime creature!
The slime creature completely misses you.
You furiously retaliate!
You headbutt the slime creature. The large slime creature hits you.
The slime creature completely misses you.
You furiously retaliate!
You headbutt the slime creature, but do no damage.
The large slime creature hits you!!
* * * LOW HITPOINT WARNING * * *
The slime creature completely misses you.
You furiously retaliate!
You headbutt the slime creature!
The large slime creature attacks as you move away!
The large slime creature closely misses you.
The large slime creature attacks as you move away!
The large slime creature hits you!!
You die...

#...#### ##### ##.....#
....## #..#..# .....##
#..#..#### ......#
#..#.....#
......####..###.#.##
............###....##
......##.......JJ#..###
....)....#.#####@.....##
.......###.## #.#..#..#
......## #..####.##....#
....### #....##.#######
.....#####....##.#
........##....##.########
........................#
...#..........#.#.......#
...##...#...............#


You could see a large slime creature and a slime creature.

Vanquished Creatures
  Nessos (D:12)
  2 boulder beetles
  A hydra (D:11)
  Erica (D:9)
  A two-headed ogre (D:12)
  A catoblepas (D:9)
  A centaur warrior (D:9)
  A tengu warrior (D:9)
  Nergalle (D:11)
  Pikel (D:4)
  An ugly thing (D:9)
  2 cyclopes
  2 manticores
  Maggie (D:8)
  A gargoyle (D:11)
  Psyche (D:9)
  A komodo dragon (D:11)
  A troll (shapeshifter) (D:9)
  4 trolls
  5 slime creatures
  Sigmund (D:4)
  13 yaks
  Eustachio (D:4)
  6 wraiths
  A basilisk (D:9)
  A steam dragon (D:7)
  4 vampire mosquitoes
  2 water moccasins (D:6)
  3 orc warriors
  An ice beast (D:6)
  A sky beast (D:7)
  2 black bears
  3 ogres
  8 centaurs
  A phantom (D:5)
  4 lemures (D:4)
  4 bullfrogs
  2 kobold brigands
  Blork the orc (D:4)
  2 gnoll sergeants
  7 scorpions
  A necrophage (D:6)
  4 wights (D:10)
  20 killer bees
  5 howler monkeys
  5 hounds
  4 jellies
  6 orc priests
  A gnoll bouda (D:6)
  3 orc wizards
  5 iguanas
  A statue (D:3)
  4 adders
  13 gnolls
  2 white imps (D:6)
  3 ufetubi
  4 worms
  3 dart slugs (D:1)
  32 orcs
  3 bats
  7 endoplasms
  4 giant cockroaches
  11 goblins
  7 hobgoblins
  16 kobolds
  7 quokkas
  7 ball pythons
  5 frilled lizards
  6 rats
287 creatures vanquished.

Vanquished Creatures (others)
  An orc wizard (D:7)
  A ball python (D:1)
  44 plants
46 creatures vanquished.

Grand Total: 333 creatures vanquished

Notes
Turn   | Place    | Note
-------+----------+-------------------------------------------
     0 | D:1      | plokij the Minotaur Fighter began the quest for the Orb.
     0 | D:1      | Reached XP level 1. HP: 19/19 MP: 0/0
   167 | D:1      | Reached XP level 2. HP: 23/27 MP: 1/1
   667 | D:1      | Reached skill level 1 in Dodging
   684 | D:1      | Reached XP level 3. HP: 33/33 MP: 2/2
  1284 | D:2      | Found a faded altar of an unknown god.
  1575 | D:2      | Reached XP level 4. HP: 38/40 MP: 3/3
  2127 | D:3      | Found Fuha Kasm's Magic Scroll Shoppe.
  2593 | D:3      | Reached XP level 5. HP: 46/46 MP: 4/4
  2680 | D:3      | Found a radiant altar of Vehumet.
  2789 | D:3      | Noticed a charred statue
  2799 | D:3      | Killed a charred statue
  2992 | D:4      | Noticed Blork the orc
  3206 | D:4      | Noticed Sigmund
  3234 | D:4      | Killed Sigmund
  3235 | D:4      | Reached skill level 5 in Axes
  3235 | D:4      | Reached XP level 6. HP: 15/53 MP: 5/5
  3494 | D:4      | Reached skill level 5 in Armour
  3536 | D:4      | Killed Blork the orc
  3537 | D:4      | Reached skill level 5 in Shields
  3600 | D:4      | Noticed Eustachio
  3628 | D:4      | Killed Eustachio
  3629 | D:4      | Reached skill level 5 in Fighting
  3629 | D:4      | Reached XP level 7. HP: 31/61 MP: 6/6
  3841 | D:4      | Found a white marble altar of Elyvilon.
  4044 | D:4      | Found Raosoorph's Weapon Shoppe.
  4441 | D:4      | Noticed Pikel
  4449 | D:4      | Killed Pikel
  4450 | D:4      | Reached skill level 5 in Dodging
  4450 | D:4      | Reached XP level 8. HP: 68/70 MP: 7/7
  4621 | D:5      | Entered Level 5 of the Dungeon
  4861 | D:5      | Identified the +8 spear of Sunlight {pain, rF+ rCorr}
  4963 | D:5      | Found a glowing silver altar of Zin.
  5943 | D:6      | Reached XP level 9. HP: 74/78 MP: 8/8
  5996 | D:6      | Found a blossoming altar of Fedhas.
  6439 | D:6      | Found a staircase to the Ecumenical Temple.
  6688 | Temple   | Entered the Ecumenical Temple
  6938 | Temple   | Became a worshipper of Warmaster Okawaru
  7074 | D:6      | Found a sacrificial altar of Ru.
  7142 | D:6      | Found a snail-covered altar of Cheibriados.
  8427 | D:7      | Reached * piety under Okawaru
  8753 | D:7      | Reached XP level 10. HP: 88/88 MP: 9/9
 10076 | D:8      | Found a burning altar of Makhleb.
 10384 | D:8      | Noticed Maggie
 10400 | D:8      | Killed Maggie
 10752 | D:9      | You fall into a shaft and drop 3 floors!
 10853 | D:12     | Found a staircase to the Orcish Mines.
 11014 | D:12     | Noticed a boulder beetle
 11077 | D:12     | Killed a boulder beetle
 11077 | D:12     | Reached ** piety under Okawaru
 11301 | D:12     | Noticed a cyclops
 11320 | D:12     | Killed a cyclops
 11320 | D:12     | Reached *** piety under Okawaru
 11680 | D:12     | Noticed a two-headed ogre
 11695 | D:12     | Killed a two-headed ogre
 11769 | D:11     | Noticed a six-headed hydra
 11771 | D:11     | Noticed a gargoyle
 11780 | D:11     | Noticed a cyclops
 12150 | D:10     | Entered Level 10 of the Dungeon
 12362 | D:10     | Reached XP level 11. HP: 97/97 MP: 10/10
 12401 | D:11     | Killed a two-headed hydra
 12649 | D:11     | Reached skill level 10 in Axes
 12852 | D:10     | Reached **** piety under Okawaru
 13209 | D:10     | Found an opulent altar of Gozag.
 13486 | D:10     | Reached skill level 10 in Armour
 13983 | D:9      | Noticed Gastronok
 14001 | D:9      | Reached skill level 10 in Shields
 14392 | D:9      | Reached skill level 10 in Fighting
 14469 | D:9      | Noticed Erica
 14488 | D:9      | Killed Erica
 14700 | D:9      | Noticed Psyche
 14706 | D:9      | Killed Psyche
 14897 | D:9      | Reached ***** piety under Okawaru
 14990 | D:9      | Noticed a cyan ugly thing
 14990 | D:9      | Noticed a centaur warrior
 15020 | D:9      | Killed a centaur warrior
 15021 | D:9      | Reached skill level 10 in Dodging
 15292 | D:9      | Killed a cyan ugly thing
 15775 | D:9      | Noticed a tengu warrior
 15789 | D:9      | HP: 4/101 [tengu warrior/+0 battleaxe (18)]
 15793 | D:9      | Killed a tengu warrior
 16018 | D:9      | Noticed a catoblepas
 16242 | D:9      | Killed a catoblepas
 16590 | D:11     | Received a gift from Okawaru
 16591 | D:11     | Reached XP level 12. HP: 108/108 MP: 11/11
 16725 | D:11     | Noticed a boulder beetle
 16788 | D:11     | Killed a boulder beetle
 17145 | D:11     | Found a staircase to the Lair.
 17198 | D:11     | Noticed Nergalle
 17719 | D:11     | Killed Nergalle
 18047 | D:12     | Noticed Nessos
 18066 | D:12     | Killed Nessos
 18844 | D:11     | HP: 3/110 [large slime creature (31)]
 18846 | D:11     | Annihilated by a large slime creature

Illustrated notes

Levels and vault maps discovered:
D:1:      psy_arrival_spokes, layout_basic, minmay_stone_trees_small,
          minmay_misc_feat_enclosed
D:2:      minmay_skewed_foursquare, layout_loops_cross,
          chequers_ecumenical_altar_simple_redux, minmay_quadrilaterals
D:3:      layout_basic, vehumet_statue, serial_shops, shop,
          nicolae_kite_square_tiling_tiny, minmay_quantized
D:4:      layout_loops_ring, mainiacjoe_overflow_paths, serial_shops,
          nicolae_diamond_shop, uniq_pikel, uniq_eustachio, uniq_sigmund,
          uniq_blork_the_orc
D:5:      layout_basic, mainiacjoe_overflow_brackets
D:6:      layout_basic, nicolae_ru_path_of_blood, kennysheep_little_box,
          marbit_many_paths, minmay_temple_entry_mist, amcnicky_mini_pool_medium
D:7:      layout_loops_corners, minmay_microvault
D:8:      layout_basic, mainiacjoe_overflow_24_doors, minmay_misc_feat_columns,
          uniq_maggie
D:9:      layout_long_grid, minmay_shattered_shrine, uniq_psyche,
          uniq_gastronok, uniq_erica
D:10:     layout_grid_maze, grunt_gozag_breadcrumbs, grunt_ministairs_13,
          minivault_11
D:11:     layout_rooms, david_lair_shrubbed, uniq_nergalle
D:12:     layout_long_grid, minmay_orc_entry_temple_small, special_room
          [special_room_orc], uniq_nessos
Temple:   minmay_temple_curvy_branch

Skill      XL: |  1  2  3  4  5  6  7  8  9 10 11 12 |
---------------+-------------------------------------+-----
Axes           | 3 4 5 6 7 8 9 11 | 11.7
Dodging        | 1 2 3 5 6 8 9 10 11 | 11.0
Shields        | 4 5 6 8 9 10 11 | 11.4
Fighting       | 4 5 6 7 9 10 11 | 11.4
Armour         | 4 5 6 8 9 10 11 | 11.5

Action                   |  1- 3 |  4- 6 |  7- 9 | 10-12 || total
-------------------------+-------+-------+-------+-------++-------
Melee: War axe           |   114 |   141 |   334 |    72 ||   661
       Headbutt          |    11 |    20 |    48 |    96 ||   175
       Broad axe         |       |       |       |   386 ||   386
Invok: Heroism           |       |       |       |     6 ||     6
  Use: Scroll            |       |       |       |    12 ||    12
       Potion            |       |       |       |     6 ||     6
Armor: Scale mail        |    35 |       |       |       ||    35
       Chain mail        |    36 |   146 |   165 |    66 ||   413
       Swamp dragon scal |       |       |       |   206 ||   206
       Skin              |       |       |       |     4 ||     4
Dodge: Dodged            |    44 |    99 |   169 |   379 ||   691
Block: Buckler           |    27 |    38 |    85 |   193 ||   343
